 Dungeon Crawl Stone Soup version 0.30.0-5-g1a98f26d00 (webtiles) character file.

Game seed: 975401037862718946

1 browni3141 the Trooper (level 1, 0/24 HPs)
             Began as an Ogre Delver on May 10, 2023.
             Slain by a quokka (4 damage)
             ... on level 2 of the Dungeon.
             The game lasted 00:00:13 (86 turns).

browni3141 the Trooper (Ogre Delver)                  Turns: 86, Time: 00:00:14

Health: 0/24       AC:  3    Str: 15    XL:     1   Next: 20%
Magic:  1/1        EV:  9    Int: 11    God:
Gold:   2          SH:  0    Dex: 10    Spells: 0/0 levels left

rFire   . . .        a - +0 mace
rCold   . . .        (no shield)
rNeg    . . .        b - +0 robe
rPois   .            (helmet restricted)
rElec   .            (no cloak)
rCorr   .            (gloves unavailable)
SInv    .            (boots unavailable)
Will    .....        (no amulet)
Stlth   ++           (no ring)
HPRegen 0.24/turn    (no ring)
MPRegen 0.07/turn

%: no passive effects
@: no status effects
A: large, unfitting armour, tough skin 1
a: no special abilities


You were on level 2 of the Dungeon.
You visited 1 branch of the dungeon, and saw 4 of its levels.

You collected 2 gold pieces.

Inventory:

Hand Weapons
 a - a +0 mace (weapon)
Armour
 b - a +0 robe (worn)
Wands
 g - a wand of digging (3)
Scrolls
 d - a scroll of magic mapping
 e - a scroll of fear
 F - 2 scrolls of fog
 G - a scroll of noise {unknown}
Potions
 h - a potion of haste


   Skills:
 + Level 4.0 Fighting
 * Level 1.8 Maces & Flails
 - Level 1.7 Dodging
 - Level 3.7 Stealth


You couldn't memorise any spells.
You didn't know any spells.
Your spell library was empty.

Dungeon Overview and Level Annotations

Branches:
Dungeon (5/15)
 Temple: D:4-7

Altars:


Innate Abilities, Weirdness & Mutations

You are too large for most types of armour.
You have tough skin. (AC +1)


Message History

Welcome, browni3141 the Ogre Delver.
The heart of this dungeon contains the sublime artefact, the Orb of Zot.
Press ? for a list of commands and other information.
Found a stone staircase leading down.
Setting a skill training target for Polearms at 14.0.
Setting a skill training target for Armour at 7.0.
Setting a skill training target for Shields at 5.0.
Setting a skill training target for Stealth at 2.0.
Setting a skill training target for Spellcasting at 3.0.
Setting a skill training target for Conjurations at 7.0.
Setting a skill training target for Summonings at 16.0.
Setting a skill training target for Necromancy at 10.0.
Setting a skill training target for Fire Magic at 6.0.
Setting a skill training target for Earth Magic at 10.0.
Setting a skill training target for Invocations at 14.0.
Setting a skill training target for Evocations at 10.0.
Setting a skill training target for Throwing at 2.0.
Found a stone staircase leading up.
There is a stone staircase leading up here.
You climb upwards.
The howler monkey howls!
Found a war axe and 16 gold pieces.
Found an escape hatch in the ceiling.
Found a stone staircase leading up.
There is a stone staircase leading down here.
There is a stone staircase leading up here.
You climb upwards.
There is a stone staircase leading down here.
F - 2 scrolls of fog (gained 1)
You now have 2 gold pieces.
An endoplasm comes into view.
The endoplasm hits you but does no damage.
You hit the endoplasm.
The endoplasm is almost dead.
The endoplasm barely misses you.
You hit the endoplasm.
You kill the endoplasm!
Training target 2.0 for Stealth reached!
No target in view!
No target in view!
G - a scroll labelled QOL CUATEO
Found an escape hatch in the floor.
Found a stone staircase leading up.
There is a stone staircase leading up here.
You climb upwards.
There is a stone staircase leading down here.
The quokka bites you.
You hit the quokka.
The quokka is lightly wounded.
The quokka bites you. The quokka closely misses you.
You closely miss the quokka.
The quokka is lightly wounded.
The quokka barely misses you.
You hit the quokka.
The quokka is almost dead.
The quokka bites you. x2
You miss the quokka.
The quokka is almost dead.
The quokka misses you.
You barely miss the quokka.
The quokka is almost dead.
The quokka bites you. x2
* * * LOW HITPOINT WARNING * * *
You barely miss the quokka.
The quokka is almost dead.
The quokka bites you but does no damage.
You hit the quokka but do no damage.
The quokka is almost dead.
The quokka bites you.
* * * LOW HITPOINT WARNING * * *
The quokka bites you.
You die...

#.. #..#
#..# #...
#..#
#..###+####.
#...........
#...@r......
#.>.........
##..........
#..........
#..........
#####+####+


You could see a quokka.

Vanquished Creatures
  An endoplasm (D:3)
1 creature vanquished.

Notes
Turn   | Place    | Note
-------+----------+-------------------------------------------
     0 | D:5      | browni3141 the Ogre Delver began the quest for the Orb.
     0 | D:5      | Reached XP level 1. HP: 24/24 MP: 1/1
    15 | D:4      | Noticed a howler monkey
    86 | D:2      | Slain by a quokka

Illustrated notes

Levels and vault maps discovered:
D:2:      minmay_razor_zed, layout_basic, basic_altar,
          kennysheep_generic_room_13
D:3:      layout_basic, yredelemnul_altar_generic,
          mainiacjoe_overflow_cross_hatched
D:4:      layout_rooms, kiku_gazebo_pond_becter, minmay_temple_entry_tees,
          uniq_eustachio
D:5:      layout_basic, mainiacjoe_overflow_large_starburst, uniq_duvessa

Action                     || total
---------------------------++-------
  Melee: Mace              ||     9
 Armour: Robe              ||     2
  Dodge: Dodged            ||     4
